 Dungeon Crawl Stone Soup version 0.31-a0-188-g5e087ee2ca (webtiles) character file.

Game seed: 6606036898541864403

66 Arzdou the Trooper (level 3, -2/33 HPs)
             Began as a Minotaur Fighter on June 23, 2023.
             Was a Plaything of Xom.
             Slain by Crazy Yiuf
             ... wielding a +2 quarterstaff of chaos
              (15 damage)
             ... on level 2 of the Dungeon.
             The game lasted 00:02:18 (1308 turns).

Arzdou the Trooper (Minotaur Fighter)               Turns: 1308, Time: 00:02:18

Health: -2/33      AC:  7    Str: 22    XL:     3   Next: 96%
Magic:  2/2        EV:  9    Int:  5    God:    Xom [..*...]
Gold:   128        SH:  4    Dex:  9    Spells: 2/2 levels left

rFire   + . .        a - +0 war axe
rCold   x . .        c - +0 buckler
rNeg    . . .        b - +0 scale mail
rPois   +            (helmet restricted)
rElec   .            (no cloak)
rCorr   .            (no gloves)
SInv    .            (no boots)
Will    .....        (no amulet) Stlth
                     i - ring of fire
HPRegen 0.25/turn    o - ring of poison resistance
MPRegen 0.08/turn

%: no passive effects
@: no status effects
A: horns 2, retaliatory headbutt
a: Renounce Religion


You were on level 2 of the Dungeon.
You worshipped Xom.
You were a toy of Xom.
You visited 1 branch of the dungeon, and saw 2 of its levels.

You collected 128 gold pieces.

Inventory:

Hand Weapons
 a - a +0 war axe (weapon)
Armour
 b - a +0 scale mail (worn)
 c - a +0 buckler (worn)
Jewellery
 i - a ring of fire (left hand)
 n - a ring of positive energy
 o - a ring of poison resistance (right hand)
Scrolls
 e - 2 scrolls of torment {unknown}
 f - 3 scrolls of teleportation {unknown}
 g - 4 scrolls of identify {unknown}
 h - a scroll of fear {unknown}
 j - a scroll of enchant armour {unknown}
 m - a scroll of vulnerability {unknown}
Potions
 d - a potion of might
 k - 2 potions of brilliance {unknown}
 l - a potion of lignification {unknown}


   Skills:
 + Level 4.3 Fighting
 + Level 3.4 Axes
 + Level 4.2 Armour
 + Level 4.2 Shields


You had 2 spell levels left.
You didn't know any spells.
Your spell library contained the following spells:

 Spells                   Type           Power      Damage    Failure   Level
 Hailstorm                Conj/Ice       0%         3d3       99%         3
 Ice Form                 Ice/Tmut       0%         N/A       100%        4
 Simulacrum               Ice/Necr       0%         N/A       100%        6


Dungeon Overview and Level Annotations

Branches:
Dungeon (2/15)

Altars:
Xom

Shops:
D:1 (

Annotations:
D:2 Crazy Yiuf


Innate Abilities, Weirdness & Mutations

You have a pair of horns on your head.
You reflexively headbutt those who attack you in melee.


Message History

You open the door.
There is an open door here.
A kobold comes into view. It is wielding a +0 whip.
A kobold is nearby!
Found a plate armour.
The kobold hits you but does no damage.
You slash the kobold!
You kill the kobold!
No target in view!
No target in view!
No target in view!
No target in view!
No target in view!
No target in view!
No target in view!
No target in view!
No target in view!
No target in view!
No target in view!
Found a runed translucent door.
Crazy Yiuf shouts!
Press: ? - help, v - describe, . - travel, g - get item Item here: a dazzling hammer.
The floor.
You open the door. You hit Crazy Yiuf. You headbutt Crazy Yiuf.
Crazy Yiuf is moderately wounded.
Crazy Yiuf hits you with a +2 quarterstaff of chaos!
Crazy Yiuf draws strength from your wounds!
Crazy Yiuf hits you with a +2 quarterstaff of chaos!
You closely miss Crazy Yiuf.
Crazy Yiuf is moderately wounded.
Xom almost notices you.
Your eyebrows wriggle.
You block Crazy Yiuf's attack.
You barely miss Crazy Yiuf. You headbutt Crazy Yiuf.
Crazy Yiuf is heavily wounded.
Crazy Yiuf says, "Against boredom even gods struggle in vain."
Crazy Yiuf hits you with a +2 quarterstaff of chaos.
You are electrocuted!
You die...

............. #..
.....#...... #..
............. #.#
####..>..#.## #.#
#.....#...
#....##.#######
##....#.#.
#....#..#...#.### ###
#......+.
#....#[......#..##...#
#.#..##.#.
#....#......####@g...#
###..##.#.
#....#..#..## ###..)#
.......+. #....#..####
### ###.#.#.#.
#...)#..# #.#...#.#.
........# #.#.###.#.
........########
#######.#.....+.
######.........#
#.............#.
#.........#
..............'.
#.........#
#.#####.#######.


You could see Crazy Yiuf.

Vanquished Creatures
  An adder (D:2)
  A dart slug (D:1)
  5 bats
  6 endoplasms
  3 giant cockroaches
  8 goblins
  3 hobgoblins
  5 jackals (D:1)
  3 kobolds
  3 ball pythons
  4 frilled lizards
  6 rats
48 creatures vanquished.

Notes
Turn   | Place    | Note
-------+----------+-------------------------------------------
     0 | D:1      | Arzdou the Minotaur Fighter began the quest for the Orb.
     0 | D:1      | Reached XP level 1. HP: 19/19 MP: 0/0
   155 | D:1      | Reached XP level 2. HP: 23/27 MP: 1/1
   217 | D:1      | Found Nenedew's Weapon Emporium.
   301 | D:1      | Found a faded altar of an unknown god.
   342 | D:1      | Prayed at the altar of an unknown god.
   342 | D:1      | Became a worshipper of Xom of Chaos
   376 | D:1      | XOM: silly message
   421 | D:1      | XOM: divination: detect creatures
   537 | D:1      | Reached XP level 3. HP: 33/33 MP: 2/2
   658 | D:1      | XOM: silly message
   879 | D:2      | XOM: silly message
  1301 | D:2      | Found a runed translucent door.
  1302 | D:2      | Noticed Crazy Yiuf
  1307 | D:2      | XOM: silly message
  1308 | D:2      | Slain by Crazy Yiuf

Illustrated notes

Levels and vault maps discovered:
D:1:      lemuel_arrival_tunnels, layout_loops_ring,
          shapermc_ecumenical_altar_acropolis, serial_shops, shop,
          minmay_heptomino_d4
D:2:      layout_basic, kennysheep_generic_room_6, uniq_crazy_yiuf_cottage

Skill      XL: |  1  2 |
---------------+-------+-----
Fighting       | 4 |  4.3
Armour         | 4 |  4.2
Shields        | 4 |  4.2
Axes           | 3 |  3.4

Action                     || total
---------------------------++-------
  Melee: War axe           ||    93
         Headbutt          ||    11
 Armour: Scale mail        ||    41
  Dodge: Dodged            ||    44
  Block: Buckler           ||    16

Table legend: (Time is in decaauts)
 A = Elapsed time spent in this place.
 B = Non-inter-level travel time spent in this place.
 C = Inter-level travel time spent in this place.
 D = Time resting spent in this place.
 E = Time spent auto-exploring this place.
 F = Levels seen in this place.
 G = Mean time per level.
                   A        B        C        D        E       F      G
               +--------+--------+--------+--------+--------+-----+--------+
         Total |   1343 |   1307 |     36 |      0 |   1017 |   2 |  671.5 |
       Dungeon |   1343 |   1307 |     36 |      0 |   1017 |   2 |  671.5 |
               +--------+--------+--------+--------+--------+-----+--------+

Top non-repeatable levels by time:
     D:1: 892 daAuts
     D:2: 451 daAuts
